 Dungeon Sprint DCSS version 0.28-a0-1395-g4f6bc678fa (webtiles) character file.

Game seed: 14596885296111487939

1234672 jt the Invulnerable (level 18, 145/145 HPs)
             Began as a Gargoyle Fighter on Jan 4, 2022.
             Was an Initiate of Gozag.
             Escaped with the Orb
             ... and 1 rune!
             The game lasted 01:02:01 (8081 turns).

jt the Invulnerable (Gargoyle Fighter)              Turns: 8081, Time: 01:02:02

Health: 145/145    AC: 73    Str: 35    XL:     18   Next: 68%
Magic:  20/20      EV: 12    Int:  6    God:    Gozag
Gold:   2143       SH: 35    Dex: 16    Spells: 19/19 levels left

rFire   + + .      SeeInvis +   a - +6 broad axe (vorpal)
rCold   + + .      Faith    .   F - +18 shield of the Gong {rElec rN+ Will+ EV-5}
rNeg    + + +      Spirit   .   V - +10 gold dragon scales of Dawn {rPois rF+ rC+ Slay+2}
rPois   ∞          Reflect  .   T - +4 helmet
rElec   +          Harm     .   u - +2 cloak {rCorr}
rCorr   +          Rampage  .   C - +2 pair of gloves {Str+3}
Will    ++++.      Clarity  +   B - +0 pair of boots of the Untouchables {rC+ rN+}
Stlth   .......... NoTele   +   t - amulet of the Trilobite {Regen+ Str+7}
HPRegen 1.14/turn               U - ring "Ytaleov" {rF+ AC+6 Slay+3 SInv}
MPRegen 0.17/turn               x - ring of Niapadyo {Will++ Int-4 Dex+5 Slay+5}

@: flying, studying Slings, bribing [the Dungeon]
A: sickness immunity, AC +13, big wings, negative energy resistance 1,
electricity resistance, torment resistance 1, petrification resistance, clarity,
deterioration 1
0: Orb of Zot
}: 1/3 runes: silver
a: Renounce Religion, Potion Petition, Call Merchant, Bribe Branch


You escaped.
You worshipped Gozag.
Gozag was most pleased with you.
You visited 1 branch You collected 35100 gold pieces.
You spent 5838 gold pieces at shops.
You paid 27119 gold pieces to Gozag.

Inventory:

Hand Weapons
 a - a +6 vorpal broad axe (weapon)
 m - the +7 sceptre of Asmodeus
   (You took it off Asmodeus in the Dungeon)

   It can be evoked to summon fiery demons, with success rate depending on
   Evocations skill.
   Those summoned this way will remain friendly only for a limited time.
 o - a +1 sacred scourge of holy wrath
 O - the +6 sword of Cerebov {flame}
   (You took it off Cerebov in the Dungeon)

   It burns those it strikes, dealing additional fire damage.
   Big, fiery blades are also staple armaments of hydra-hunters.
   It temporarily reduces the fire resistance of those it strikes.
 Q - the +9 broad axe "Newtslayer" {freeze, *Rage rElec rPois Stlth+}
   (You found it in the Dungeon)

   It freezes those it strikes, dealing additional cold damage.
   It can also slow down cold-blooded creatures.
   rElec:     It insulates you from electricity.
   rPois:     It protects you from poison.
   *Rage:     It berserks you when you make melee attacks (+20% chance).
   Stlth:     It makes you more stealthy.
Missiles
 k - 5 throwing nets (quivered)
 q - 10 silver javelins
 D - 13 poisoned darts
Armour
 u - a +2 cloak of preservation (worn)
 y - a +1 tower shield
 A - the +0 cloak of Tomorrow {rPois rN++ SInv}
   (You bought it in a shop in the Dungeon)

   rPois:     It protects you from poison.
   rN:        It greatly protects you from negative energy.
   SInv:      It lets you see invisible.
 B - the +0 pair of boots of the Untouchables (worn) {rC+ rN+}
   (You bought it in a shop in the Dungeon)

   rC:        It protects you from cold.
   rN:        It protects you from negative energy.
 C - a +2 pair of gloves of strength (worn)
 F - the +18 shield of the Gong (worn) {rElec rN+ Will+ EV-5}
   (You bought it in a shop in the Dungeon)

   It is deafeningly noisy when blocking attacks.
   EV:        It affects your evasion (-5).
   rElec:     It insulates you from electricity.
   rN:        It protects you from negative energy.
   Will:      It increases your willpower.
 T - a +4 helmet (worn)
 V - the +10 gold dragon scales of Dawn (worn) {rPois rF+ rC+ Slay+2}
   (You found it in the Dungeon)

   Slay:      It affects your accuracy & damage with ranged weapons and melee
   (+2).
   rF:        It protects you from fire.
   rC:        It protects you from cold.
   rPois:     It protects you from poison.
Jewellery
 b - the ring of Qohaus {Will+ rCorr Int+2}
   (You bought it in a shop in the Dungeon)

   [ring of willpower]

   Int:       It affects your intelligence (+2).
   rCorr:     It protects you from acid and corrosion.
   Will:      It increases your willpower.
 n - the ring of Qulitat {rElec Slay+5 SInv}
   (You found it in the Dungeon)

   [ring of slaying]

   Slay:      It affects your accuracy & damage with ranged weapons and melee
   (+5).
   rElec:     It insulates you from electricity.
   SInv:      It lets you see invisible.
 t - the amulet of the Trilobite (around neck) {Regen+ Str+7}
   (You found it in the Dungeon)

   [amulet of regeneration]

   Str:       It affects your strength (+7).
   Regen:     It increases your rate of health regeneration.
 x - the ring of Niapadyo (right hand) {Will++ Int-4 Dex+5 Slay+5}
   (You found it in the Dungeon)

   [ring of slaying]

   Int:       It affects your intelligence (-4).
   Dex:       It affects your dexterity (+5).
   Slay:      It affects your accuracy & damage with ranged weapons and melee
   (+5).
   Will:      It greatly increases your willpower.
 L - the ring "Yziruf" {rPois rF+ rC+ Str+6 Dex+4}
   (You found it in the Dungeon)

   [ring of strength]

   Str:       It affects your strength (+6).
   Dex:       It affects your dexterity (+4).
   rF:        It protects you from fire.
   rC:        It protects you from cold.
   rPois:     It protects you from poison.
 M - the ring of Guxishutz {Wiz rElec rC- rN+ Str+3 SInv}
   (You found it in the Dungeon)

   [ring of wizardry]

   It improves your spell success rate.
   Str:       It affects your strength (+3).
   rC:        It makes you vulnerable to cold.
   rElec:     It insulates you from electricity.
   rN:        It protects you from negative energy.
   SInv:      It lets you see invisible.
 P - the ring of Qacsonug {rElec Will+ Str+5}
   (You found it in the Dungeon)

   [ring of willpower]

   Str:       It affects your strength (+5).
   rElec:     It insulates you from electricity.
   Will:      It increases your willpower.
 R - the ring of Ryruen {Drain rPois rF+ rCorr}
   (You found it in the Dungeon)

   [ring of protection from fire]

   rF:        It protects you from fire.
   rPois:     It protects you from poison.
   rCorr:     It protects you from acid and corrosion.
   Drain:     It drains your maximum health when unequipped.
 S - the ring "Poessy" {rC+ MP+9 Int+4 Dex+6 Slay+2}
   (You found it in the Dungeon)

   [ring of dexterity]

   Int:       It affects your intelligence (+4).
   Dex:       It affects your dexterity (+6).
   Slay:      It affects your accuracy & damage with ranged weapons and melee
   (+2).
   rC:        It protects you from cold.
   MP:        It affects your magic capacity (+9).
 U - the ring "Ytaleov" (left hand) {rF+ AC+6 Slay+3 SInv}
   (You found it in the Dungeon)

   [ring of protection]

   AC:        It affects your AC (+6).
   Slay:      It affects your accuracy & damage with ranged weapons and melee
   (+3).
   rF:        It protects you from fire.
   SInv:      It lets you see invisible.
 W - the ring "Welu" {Drain rN+ rCorr Dex+8}
   (You found it in the Dungeon)

   [ring of positive energy]

   Dex:       It affects your dexterity (+8).
   rN:        It protects you from negative energy.
   rCorr:     It protects you from acid and corrosion.
   Drain:     It drains your maximum health when unequipped.
 Y - the ring "Leromu" {rC+ rCorr Int+3 Slay+5 Stlth+}
   (You found it in the Dungeon)

   [ring of slaying]

   Int:       It affects your intelligence (+3).
   Slay:      It affects your accuracy & damage with ranged weapons and melee
   (+5).
   rC:        It protects you from cold.
   rCorr:     It protects you from acid and corrosion.
   Stlth:     It makes you more stealthy.
 Z - the ring of Aczeoh {Wiz rPois Str+3 Dex+2}
   (You found it in the Dungeon)

   [ring of wizardry]

   It improves your spell success rate.
   Str:       It affects your strength (+3).
   Dex:       It affects your dexterity (+2).
   rPois:     It protects you from poison.
Wands
 f - a wand of charming (5)
 N - a wand of polymorph (7)
Scrolls
 c - 2 scrolls of silence
 j - 4 scrolls of blinking
 p - 3 scrolls of vulnerability
 w - a scroll of holy word
 E - 12 scrolls of identify
 G - 3 scrolls of fear
 I - 3 scrolls of fog
 X - 2 scrolls of enchant armour
Potions
 d - a potion of might
 e - 17 potions of curing
 g - 6 potions of haste
 h - 9 potions of magic
 i - 3 potions of berserk rage
 l - a potion of invisibility
 s - 22 potions of heal wounds
 v - 5 potions of mutation
 z - 7 potions of brilliance
Miscellaneous
 r - a phantom mirror
 H - a box of beasts
 J - a condenser vane
 K - a tin of tremorstones (2/2)


   Skills:
 O Level 27 Fighting
 + Level 25.3 Axes
 + Level 4.9 Throwing
 O Level 27 Armour
 + Level 17.8 Dodging
 - Level 25.0 Shields
 - Level 1.3 Spellcasting
 O Level 27 Evocations


You had 19 spell levels left.
You didn't know any spells.
Your spell library contained the following spells:

 Spells                   Type           Power      Damage    Failure   Level
 Foxfire                  Conj/Fire      0%         2x1d4     88%         1
 Freeze                   Ice            0%         1d3       88%         1
 Pain                     Necr           0%         1d4       88%         1
 Sandblast                Erth           0%         2d4       88%         1
 Shock                    Conj/Air       0%         1d3       88%         1
 Sting                    Tmut/Pois      0%         1d3       88%         1
 Blink                    Tloc           0%         N/A       95%         2
 Ensorcelled Hibernation  Hex/Ice        0%         N/A       95%         2
 Poisonous Vapours        Pois/Air       0%         N/A       95%         2
 Scorch                   Fire           0%         2d5       95%         2
 Searing Ray              Conj           0%         2d4       95%         2
 Confusing Touch          Hex            0%         N/A       99%         3
 Dazzling Flash           Conj/Hex       0%         N/A       99%         3
 Frozen Ramparts          Ice            0%         1d2       99%         3
 Gell's Gravitas          Tloc           0%         N/A       99%         3
 Ignite Poison            Fire/Tmut/Pois 0%         N/A       99%         3
 Lesser Beckoning         Tloc           0%         N/A       99%         3
 Portal Projectile        Hex/Tloc       0%         N/A       99%         3
 Teleport Other           Tloc           0%         N/A       99%         3
 Tukima's Dance           Hex            0%         N/A       99%         3
 Cause Fear               Hex            0%         N/A       100%        4
 Ice Form                 Ice/Tmut       0%         N/A       100%        4
 Iskenderun's Mystic Bla  Conj/Tloc      0%         2d3       100%        4
 Leda's Liquefaction      Hex/Erth       0%         N/A       100%        4
 Olgreb's Toxic Radiance  Pois           0%         N/A       100%        4
 Passage of Golubria      Tloc           0%         N/A       100%        4
 Summon Ice Beast         Ice/Summ       0%         N/A       100%        4
 Agony                    Necr           0%         N/A       100%        5
 Blade Hands              Tmut           0%         N/A       100%        5
 Borgnjor's Vile Clutch   Necr/Erth      0%         N/A       100%        5
 Excruciating Wounds      Necr           0%         N/A       100%        5
 Fireball                 Conj/Fire      0%         3d3       100%        5
 Freezing Cloud           Conj/Ice/Air   0%         6-21      100%        5
 Irradiate                Conj/Tmut      0%         3d13      100%        5
 Iskenderun's Battlesphe  Conj           0%         2d6       100%        5
 Lee's Rapid Deconstruct  Erth           0%         3d5*      100%        5
 Lightning Bolt           Conj/Air       0%         1d11      100%        5
 Silence                  Hex/Air        0%         N/A       100%        5
 Summon Mana Viper        Hex/Summ       0%         N/A       100%        5
 Conjure Ball Lightning   Conj/Air       0%         3x3d6     100%        6
 Starburst                Conj/Fire      0%         6d3       100%        6
 Dragon Form              Tmut           0%         N/A       100%        7
 Monstrous Menagerie      Summ           0%         N/A       100%        7
 Orb of Destruction       Conj           0%         N/A       100%        7
 Disjunction              Tloc           0%         N/A       100%        8
 Lehudib's Crystal Spear  Conj/Erth      0%         10d2      100%        8
 Polar Vortex             Ice            0%         N/A       100%        9
 Statue Form              Tmut/Erth      Unusable   N/A       N/A         6

Dungeon Overview and Level Annotations

Branches:
Dungeon (1/1)

Altars:
Ashenzari
Cheibriados
Dithmenos
Elyvilon
Fedhas
Gozag
Hepliaklqana
Kikubaaqudgha
Makhleb
Nemelex Xobeh
Okawaru
Qazlal
Ru
Sif Muna
Trog
Uskayaw
Vehumet
Wu Jian
Xom
Yredelemnul
Zin
The Shining One
Beogh
Jiyva
Lugonu

Shops:
D [?[=((?[*

Annotations:
D Frederick, Louise, Murray, Serpent of Hell


Innate Abilities, Weirdness & Mutations

You are immune to sickness and miasma.
Your stone body is resilient. (AC +13)
You are immune to poison.
Your large and strong wings let you fly.
You resist negative energy. (rN+)
You are resistant to electric shocks. (rElec)
You are resistant to unholy torment.
You are immune to petrification.
You possess an exceptional clarity of mind.
Your body sometimes deteriorates upon taking damage.


Message History

You slice the fire dragon!!
You kill the fire dragon!
You swap places.
You now have 1027 gold pieces (gained 189).
You swap places.
You now have 1432 gold pieces (gained 405).
You now have 1639 gold pieces (gained 207).
You swap places.
You now have 1693 gold pieces (gained 54).
You now have 1900 gold pieces (gained 207).
You swap places.
You now have 2143 gold pieces (gained 243).
You swap places.
You swap places.
You see here the Orb of Zot.
You pick up the Orb of Zot!
The Orb lets out a hideous shriek!
The lords of Pandemonium are not amused.
Beware!
Now all you have to do is get back out of the dungeon!
You swap places.
You swap places.
There is a huge open gate to the Final Vault (Nightmare!) here.
There is a huge open gate to the Final Vault (Nightmare!), spattered with blood here.
Things that are here:
3 boomerangs; a +0 trident You see here a +0 trident.
There is a huge broken gate to the Vestibule (Extremely Hard) here.
You see here a +0 trident of freezing.
There is a huge broken gate to the Vestibule (Extremely Hard) here.
Things that are here:
16 bolts; a +0 arbalest You see here a +0 scimitar.
There is a huge open gate to the Grid Vault (Hard), spattered with blood here.
There is a huge open gate to the Main Hall (Safe), spattered with blood here.
Things that are here:
3 boomerangs; a +0 flail; a +0 plate armour
There is a huge open gate to the Grid Vault (Hard) here.
There is a huge open gate to the Grid Vault (Hard) here.
There is an open door to the Entrance Hall (Safe) here.
There is a staircase leading out of the dungeon here.
You have escaped!

##########.##[...............''..
#...[[..[...'...)..X.........''..
#'#####'#####......#..#.?..∩.##..
#.#..#.)#..##.∩.X2...[.(∩.∩.[##..
#.#..)..#))#####'#####''#########
#.#..####).##...X...##''# ##### #
#.#.)#..#).##.......##([###...###
#.#..#..#[.##...XX..##[))##...##.
#.##)#..#'###..X@X..###...##)##..
#.#........##.......# ##....)....
#.#........##.......###..###'###.
#)###########.......##..##.....##
#)).....#..###########..'..=....'
#).###..#.############..##∩....##
#.......#.#....#..[[###..###'###.
##.###.##)#....#....# ##[......).
#.......#.'....'..))#*#...##)##..


You could see 6 friendly Orb Guardians and a friendly balrug.

Vanquished Creatures
  Cerebov (D)
  Asmodeus (D)
  Dissolution (D)
  Lom Lobon (D)
  2 royal mummies (D)
  the Lernaean hydra (D)
  4 Killer Klowns (D)
  A golden dragon (D)
  A profane servitor (D)
  2 bone dragons (D)
  A Tzitzimitl (D)
  2 hellephants (D)
  A Hell Sentinel (D)
  Rupert (D)
  7 Orb Guardians (D)
  3 liches (D)
  5 titans (D)
  2 death cobs (D)
  2 pandemonium lords (D)
  2 shadow dragons (D)
  4 storm dragons (D)
  3 nagarajas (D)
  4 rockslimes (D)
  A fire giant (D)
  A draconian monk (D)
  Ilsuiw (D)
  A deep elf sorcerer (D)
  2 frost giants (D)
  A ghost moth (D)
  3 orc warlords (D)
  2 angels (D)
  A stone giant (D)
  A war gargoyle (D)
  A spriggan defender (D)
  A vampire knight (D)
  A reaper (D)
  2 green draconians (D)
  2 apis (D)
  2 black draconians (D)
  3 red draconians (D)
  3 deep elf demonologists (D)
  A minotaur (D)
  2 white draconians (D)
  3 eidola (D)
  3 blizzard demons (D)
  A green death (D)
  4 fire dragons (D)
  A mummy priest (D)
  2 merfolk javelineers (D)
  Harold (D)
  2 yaktaur captains (D)
  2 deep elf high priests (D)
  A hell beast (D)
  2 naga warriors (D)
  2 ice dragons (D)
  14 vault guards (D)
  A death knight (D)
  An anaconda (D)
  A two-headed ogre (D)
  A merfolk aquamancer (D)
  A merfolk avatar (D)
  3 spriggan berserkers (D)
  Urug (D)
  17 hell knights (D)
  A deep elf knight (D)
  2 fire crabs (D)
  A soul eater (D)
  5 skeletal warriors (D)
  A sea snake (D)
  A cherub (D)
  An iron troll (D)
  A swamp dragon (D)
  15 wizards (D)
  11 orc knights (D)
  4 harpies (D)
  A deep elf pyromancer (D)
  14 necromancers (D)
  A deep elf zephyrmancer (D)
  An orc sorcerer (D)
  A manticore (D)
  A wolf spider (D)
  2 elephants (D)
  A merfolk siren (D)
  A black mamba (D)
  Maurice (D)
  3 guardian serpents (D)
  A rust devil (D)
  A cane toad (D)
  2 unseen horrors (D)
  A komodo dragon (D)
  15 yaktaurs (D)
  A hellion (D)
  A rime drake (D)
  3 ice devils (D)
  A wandering mushroom (D)
  A guardian mummy (D)
  4 merfolk (D)
  2 trolls (D)
  2 tarantellas (D)
  A red devil (D)
  A tyrant leech (D)
  A polar bear (D)
  A jumping spider (D)
  An air elemental (D)
  Eustachio (D)
  A fire bat (D)
  A ynoxinul (D)
  3 water elementals (D)
  A basilisk (D)
  A fire elemental (D)
  2 steam dragons (D)
  4 vampire mosquitoes (D)
  A large abomination (D)
  A neqoxec (D)
  10 humans (D)
  9 redbacks (D)
  3 wargs (D)
  2 acid dragons (D)
  3 orc warriors (D)
  An ice beast (shapeshifter) (D)
  A wolf (D)
  A scorpion (D)
  An earth elemental (D)
  A small abomination (D)
  A killer bee (D)
  A quasit (D)
  2 gnoll shamans (D)
  A jelly (D)
  2 orc priests (D)
  An iron imp (D)
  2 orc wizards (D)
  2 hell rats (D)
  A mummy (D)
  2 river rats (D)
  11 gnolls (D)
  A white imp (D)
  An ufetubus (D)
  An adder skeleton (D)
  10 orcs (D)
  2 bat skeletons (D)
  A bat zombie (D)
  An endoplasm (D)
  3 giant cockroaches (D)
  A hobgoblin (D)
  5 jackals (D)
  2 quokkas (D)
  A ball python skeleton (D)
  A ball python zombie (D)
  A frilled lizard (D)
  A giant cockroach zombie (D)
  3 goblins (D)
  3 kobolds (D)
  A quokka simulacrum (D)
  3 ball lightnings (D)
  A fire vortex (D)
375 creatures vanquished.

Vanquished Creatures (collateral kills)
  Jory (D)
  A golden dragon (D)
  A pearl dragon (D)
  4 Orb Guardians (D)
  A shadow dragon (D)
  An azure jelly (D)
  An apis (D)
  A deep elf death mage (D)
  A blizzard demon (D)
  An ice dragon (D)
  A yaktaur (D)
  2 merfolk (D)
  A mummy (D)
17 creatures vanquished.

Vanquished Creatures (others)
  An ancient lich (D)
  Khufu (D)
  2 Brimstone Fiends (D)
  6 Orb Guardians (D)
  A hellephant (D)
  A lich (D)
  A titan (D)
  A sphinx (D)
  A storm dragon (D)
  A rockslime (D)
  A fire giant (D)
  A draconian shifter (D)
  A ghost moth (D)
  A draconian stormcaller (D)
  A deep elf demonologist (D)
  A green draconian (D)
  A black draconian (D)
  A deep elf annihilator (D)
  2 deep elf death magi (D)
  2 yaktaur captains (D)
  A vault guard (D)
  2 hell beasts (D)
  An ogre mage (D)
  A dancing weapon (D)
  3 sun demons (D)
  2 wizards (D)
  2 orc knights (D)
  5 yaktaurs (D)
  A golden eye (D)
  6 ball lightnings (D)
  A fire vortex (D)
53 creatures vanquished.

Grand Total: 445 creatures vanquished

Notes
Turn   | Place    | Note
-------+----------+-------------------------------------------
     0 | D        | jt the Gargoyle Fighter began the quest for the Orb.
     0 | D        | Reached XP level 1. HP: 14/14 MP: 1/1
    41 | D        | Found a glowing golden altar of the Shining One.
    41 | D        | Found a glowing silver altar of Zin.
    41 | D        | Found a basalt altar of Yredelemnul.
    41 | D        | Found a shimmering altar of Xom.
    41 | D        | Found an ornate altar of the Wu Jian Council.
    41 | D        | Found a bloodstained altar of Trog.
    41 | D        | Found a shimmering blue altar of Sif Muna.
    41 | D        | Found a sacrificial altar of Ru.
    41 | D        | Found a stormy altar of Qazlal.
    41 | D        | Found an iron altar of Okawaru.
    41 | D        | Found a sparkling altar of Nemelex Xobeh.
    41 | D        | Found a burning altar of Makhleb.
    41 | D        | Found a viscous altar of Jiyva.
    41 | D        | Found a hazy altar of Hepliaklqana.
    41 | D        | Found an opulent altar of Gozag.
    41 | D        | Found a blossoming altar of Fedhas.
    41 | D        | Found a white marble altar of Elyvilon.
    41 | D        | Found a shadowy altar of Dithmenos.
    41 | D        | Found a snail-covered altar of Cheibriados.
    42 | D        | Found a radiant altar of Vehumet.
    42 | D        | Found a corrupted altar of Lugonu.
    43 | D        | Found an ancient bone altar of Kikubaaqudgha.
    43 | D        | Found a hide-covered altar of Uskayaw.
    43 | D        | Found a broken altar of Ashenzari.
    45 | D        | Became a worshipper of Gozag Ym Sagoz the Greedy
   128 | D        | Reached XP level 2. HP: 19/19 MP: 2/2
   151 | D        | Reached skill level 5 in Axes
   151 | D        | Noticed a scorpion
   164 | D        | Killed a scorpion
   165 | D        | Reached XP level 3. HP: 20/23 MP: 3/3
   165 | D        | Reached XP level 4. HP: 24/28 MP: 4/4
   248 | D        | Reached XP level 5. HP: 29/32 MP: 5/5
   265 | D        | Reached skill level 10 in Axes
   420 | D        | Reached XP level 6. HP: 34/37 MP: 6/6
   442 | D        | Noticed a cane toad
   463 | D        | Killed a cane toad
   464 | D        | Reached XP level 7. HP: 12/41 MP: 7/7
   772 | D        | Got the +4 quarterstaff "Yrig" {pain, rC++}
   866 | D        | Bought the +0 cloak of Tomorrow {rPois rN++ SInv} for 334
                  | gold pieces
   866 | D        | Bought the +0 pair of boots of the Untouchables {rC+ rN+}
                  | for 249 gold pieces
   866 | D        | Bought a +2 pair of gloves of strength for 236 gold pieces
   895 | D        | Noticed a steam dragon
   895 | D        | Noticed a black mamba
   906 | D        | Killed a black mamba
   907 | D        | Reached skill level 5 in Fighting
   907 | D        | Reached skill level 5 in Armour
   907 | D        | Reached XP level 8. HP: 18/51 MP: 8/8
  1112 | D        | Noticed a deep elf zephyrmancer
  1112 | D        | Noticed a red devil
  1134 | D        | Killed a deep elf zephyrmancer
  1135 | D        | Reached skill level 15 in Axes
  1138 | D        | Killed a red devil
  1139 | D        | Reached XP level 9. HP: 48/60 MP: 9/9
  1217 | D        | Noticed an orc sorcerer
  1226 | D        | Killed an orc sorcerer
  1379 | D        | Reached skill level 10 in Fighting
  1379 | D        | Reached skill level 10 in Armour
  1390 | D        | Noticed a rime drake
  1398 | D        | Killed a rime drake
  1463 | D        | Noticed a guardian mummy
  1471 | D        | Killed a guardian mummy
  1473 | D        | Reached XP level 10. HP: 59/69 MP: 10/10
  1485 | D        | Bought the ring of Qohaus {Will+ rCorr Int+2} for 501 gold
                  | pieces
  1611 | D        | Noticed a manticore
  1611 | D        | Noticed an elephant
  1622 | D        | Killed an elephant
  1626 | D        | Killed a manticore
  1631 | D        | Noticed an anaconda
  1655 | D        | Killed an anaconda
  1857 | D        | Noticed Maurice
  1868 | D        | Killed Maurice
  1876 | D        | Noticed a swamp dragon
  1883 | D        | Killed a swamp dragon
  1884 | D        | Reached XP level 11. HP: 77/79 MP: 11/11
  1895 | D        | Noticed a two-headed ogre
  1945 | D        | Noticed an orc knight
  1946 | D        | Noticed Urug
  1968 | D        | Bought a scroll of enchant weapon for 112 gold pieces
  1968 | D        | Bought a scroll of blinking for 112 gold pieces
  1978 | D        | Killed Urug
  1982 | D        | Killed an orc knight
  1999 | D        | Reached skill level 15 in Fighting
  2000 | D        | Reached skill level 15 in Armour
  2172 | D        | Killed a two-headed ogre
  2229 | D        | Noticed Eustachio
  2236 | D        | Killed Eustachio
  2393 | D        | Noticed Harold
  2400 | D        | Killed Harold
  2452 | D        | Noticed an eidolon
  2465 | D        | Killed an eidolon
  2477 | D        | Noticed a deep elf pyromancer
  2477 | D        | Noticed a minotaur
  2489 | D        | Killed a deep elf pyromancer
  2496 | D        | Killed a minotaur
  2497 | D        | Reached XP level 12. HP: 68/91 MP: 12/12
  2984 | D        | Noticed an orc warlord
  3002 | D        | Killed an orc warlord
  3201 | D        | Noticed a vault guard
  3216 | D        | Killed a vault guard
  3217 | D        | Noticed a yaktaur captain
  3220 | D        | Noticed a yaktaur captain
  3225 | D        | Noticed a naga warrior
  3225 | D        | Noticed an orc warlord
  3228 | D        | Noticed an ice dragon
  3238 | D        | Killed a yaktaur captain
  3241 | D        | Killed a yaktaur captain
  3244 | D        | Noticed a deep elf knight
  3346 | D        | Killed a naga warrior
  3591 | D        | Killed a deep elf knight
  3710 | D        | Killed an ice dragon
  3711 | D        | Reached XP level 13. HP: 48/103 MP: 13/13
  3966 | D        | Killed an orc warlord
  4257 | D        | Got the +5 chain mail "Wofyj" {rN+ Will+}
  4351 | D        | Noticed a naga warrior
  4351 | D        | Noticed a reaper
  4372 | D        | Killed a naga warrior
  4373 | D        | Killed a reaper
  4484 | D        | Noticed a vault guard
  4495 | D        | Killed a vault guard
  4496 | D        | Reached skill level 5 in Shields
  4521 | D        | Found the +8 demon blade "Leech" {vamp, Harm Drain rN+}
  4638 | D        | Bought a scroll of immolation for 52 gold pieces
  4638 | D        | Bought a scroll of immolation for 52 gold pieces
  4678 | D        | Noticed a death cob
  4678 | D        | Noticed Ilsuiw
  4678 | D        | Noticed a merfolk javelineer
  4678 | D        | Noticed a merfolk javelineer
  4689 | D        | Killed a death cob
  4691 | D        | Killed a merfolk javelineer
  4694 | D        | Killed a merfolk javelineer
  4748 | D        | Killed Ilsuiw
  4771 | D        | Got the +5 hunting sling of Addy {vorpal, rF- Str+7}
  4941 | D        | Noticed a red draconian scorcher
  4944 | D        | Noticed a deep elf demonologist
  4945 | D        | Got Sif Muna's Guide on Envenoming and Combat Magic
  4945 | D        | Noticed a sphinx
  4946 | D        | Noticed a lich
  4947 | D        | Noticed a deep elf demonologist
  4947 | D        | Noticed a deep elf demonologist
  4947 | D        | Killed a deep elf death mage
  4949 | D        | Noticed a deep elf annihilator
  4951 | D        | Noticed a red draconian
  4952 | D        | Got Efoog's Collected Works on Cold and the Blaze
  4957 | D        | Noticed a purple draconian
  4962 | D        | Got the Tome of Bewitching Stones
  4963 | D        | Noticed a deep elf death mage
  4969 | D        | Noticed a vault guard
  4969 | D        | Noticed a purple draconian shifter
  4970 | D        | Noticed a white draconian stormcaller
  4971 | D        | Noticed a blizzard demon
  4973 | D        | Got the Compendium of Warped Intoxication
  4974 | D        | Killed a vault guard
  4974 | D        | Noticed a yaktaur captain
  4977 | D        | Killed a lich
  4979 | D        | Got Sif Muna's Handbook of Supportive Conjuration
  4979 | D        | Killed a fire giant
  4980 | D        | Killed a purple draconian shifter
  4981 | D        | Noticed an apis
  4982 | D        | Got The Second Course in Theurgy
  4983 | D        | Noticed a black draconian
  4986 | D        | Killed an apis
  5021 | D        | Got the ring of Qacsonug {rElec Will+ Str+5}
  5023 | D        | Got the ring of Kojeaha {rN+ Will+}
  5025 | D        | Got the ring of Ytotsumi {rC+ Str+4}
  5027 | D        | Got the ring "Poessy" {rC+ MP+9 Int+4 Dex+6 Slay+2}
  5030 | D        | Got the ring of Ryruen {Drain rPois rF+ rCorr}
  5032 | D        | Got the ring "Waute" {Str+3 Dex+6}
  5034 | D        | Got the ring "Ytaleov" {rF+ AC+6 Slay+3 SInv}
  5037 | D        | Got the ring of the Ancients {Fire Dex+4}
  5040 | D        | Got the ring "Wym Gaashre" {rN+ Stlth+}
  5043 | D        | Got the ring "Gufar" {Ice Str+3 Int+4 Slay-5}
  5045 | D        | Got the ring of Wemaim {rElec rC+ Int+6}
  5049 | D        | Got the ring of the Invisible Hand {rElec rC+ Str+4}
  5051 | D        | Got the ring "Welu" {Drain rN+ rCorr Dex+8}
  5085 | D        | Got the ring of Qulitat {rElec Slay+5 SInv}
  5087 | D        | Got the amulet of Life {Regen+ Stlth+}
  5090 | D        | Got the amulet of the Trilobite {Regen+ Str+7}
  5097 | D        | Got the ring of Niapadyo {Will++ Int-4 Dex+5 Slay+5}
  5099 | D        | Got the ring of Guxishutz {Wiz rElec rC- rN+ Str+3 SInv}
  5101 | D        | Got the amulet of Sunlight {RegenMP rF- Regen+ Int+7
                  | Stlth+}
  5103 | D        | Got the ring "Leromu" {rC+ rCorr Int+3 Slay+5 Stlth+}
  5108 | D        | Got the ring of Aczeoh {Wiz rPois Str+3 Dex+2}
  5138 | D        | Noticed an orb of fire
  5142 | D        | Noticed Frederick
  5145 | D        | Noticed Murray
  5148 | D        | Noticed a green draconian monk
  5151 | D        | Noticed an orb of fire
  5152 | D        | Gained mutation: You possess an exceptional clarity of
                  | mind. [an orb of fire]
  5157 | D        | Gained mutation: Your body sometimes deteriorates upon
                  | taking damage. [an orb of fire]
  5235 | D        | Noticed a nagaraja
  5244 | D        | Killed a nagaraja
  5245 | D        | Reached skill level 10 in Shields
  5253 | D        | Noticed a death cob
  5260 | D        | Killed a death cob
  5261 | D        | Noticed an angel
  5270 | D        | Killed an angel
  5271 | D        | Identified the +11 whip of Defenestration {drain, Fragile
                  | rPois rN+++ Dex+2}
  5290 | D        | Noticed a deep elf demonologist
  5291 | D        | Gained mutation: Your large and strong wings let you fly.
                  | [Gargoyle growth]
  5291 | D        | Reached XP level 14. HP: 113/114 MP: 14/14
  5292 | D        | Killed a deep elf demonologist
  5301 | D        | Noticed a red draconian
  5307 | D        | Killed a red draconian
  5355 | D        | Identified the ring of the Scarab {rC+ Dex+6 Stlth+}
  5585 | D        | Noticed a vampire knight
  5600 | D        | Paralysed by a vampire knight for 5 turns
  5609 | D        | Killed a vampire knight
  5618 | D        | Killed a red draconian
  5761 | D        | Reached skill level 15 in Shields
  5769 | D        | Noticed an apis
  5775 | D        | Noticed a storm dragon
  5777 | D        | Noticed an angel
  5781 | D        | Killed a storm dragon
  5783 | D        | Noticed a profane servitor
  5785 | D        | Killed an apis
  5789 | D        | Killed an angel
  5794 | D        | Noticed a titan
  5812 | D        | Killed a titan
  5816 | D        | Killed a profane servitor
  5818 | D        | Noticed a deep elf demonologist
  5819 | D        | Reached XP level 15. HP: 67/122 MP: 15/15
  5963 | D        | Noticed a deep elf sorcerer
  5978 | D        | Killed a deep elf sorcerer
  6014 | D        | Noticed a bone dragon
  6030 | D        | Killed a bone dragon
  6089 | D        | Noticed Dissolution
  6162 | D        | Noticed a shadow dragon
  6178 | D        | Killed a shadow dragon
  6178 | D        | Paralysed by a great orb of eyes for 7 turns
  6186 | D        | Killed Dissolution
  6245 | D        | Got the ring of Eriako {MP+9 Dex+3}
  6261 | D        | Found the +9 staff of Wucad Mu {*channel}
  6274 | D        | Got Caosh's Reference Book on the Oath
  6385 | D        | Noticed Rupert
  6387 | D        | Killed Rupert
  6388 | D        | Reached skill level 27 in Fighting
  6388 | D        | Reached skill level 27 in Armour
  6388 | D        | Reached skill level 10 in Evocations
  6388 | D        | Reached XP level 16. HP: 133/133 MP: 16/16
  6390 | D        | Identified the +6 hand axe "Ogreslayer" {flame, rElec MP-9
                  | Dex+6}
  6402 | D        | Identified the amulet of Idealism {Faith MP+9 Int-4 Dex+6}
                  | (You took it off a necromancer in the Dungeon)
  6433 | D        | Reached skill level 15 in Evocations
  6487 | D        | Got the Almanac of Dusty Attacks
  6546 | D        | Got a silver rune of Zot
  6629 | D        | Noticed a storm dragon
  6651 | D        | Killed a storm dragon
  6672 | D        | Noticed a royal mummy
  6688 | D        | Noticed a storm dragon
  6690 | D        | Killed a royal mummy
  6697 | D        | Killed a storm dragon
  6703 | D        | Noticed a lich
  6713 | D        | Killed a lich
  6728 | D        | Noticed a nagaraja
  6730 | D        | Noticed a lich
  6737 | D        | Killed a nagaraja
  6745 | D        | Noticed a Killer Klown
  6748 | D        | Killed a lich
  6753 | D        | Killed a Killer Klown
  6813 | D        | Noticed a Killer Klown
  6830 | D        | Noticed a hellephant
  6837 | D        | Killed a Killer Klown
  6857 | D        | Killed a hellephant
  6872 | D        | Noticed a storm dragon
  6906 | D        | Noticed a titan
  6913 | D        | Killed a titan
  6922 | D        | Killed a storm dragon
  6942 | D        | Found the +7 sceptre of Asmodeus
  6942 | D        | Noticed Asmodeus
  6945 | D        | Bought a potion of heal wounds for 50 gold pieces
  6945 | D        | Bought a wand of iceblast (5) for 90 gold pieces
  6957 | D        | Noticed a Brimstone Fiend
  6982 | D        | Killed Asmodeus
  6983 | D        | Reached XP level 17. HP: 56/139 MP: 17/17
  7085 | D        | Noticed a titan
  7096 | D        | Noticed a lich
  7097 | D        | Noticed a titan
  7101 | D        | Killed a lich
  7110 | D        | Killed a titan
  7120 | D        | Killed a titan
  7207 | D        | Got the +9 broad axe "Newtslayer" {freeze, *Rage rElec
                  | rPois Stlth+}
  7218 | D        | Got the +10 gold dragon scales of Dawn {rPois rF+ rC+
                  | Slay+2}
  7235 | D        | Got the amulet "Laumaoly" {Acrobat Rampage Int+3}
  7238 | D        | Got the ring "Radaeham" {rPois rC- rCorr Str+6 Slay-5}
  7241 | D        | Got the ring "Dotamm" {Int+4 SInv}
  7244 | D        | Got the ring "Ufazydeb" {Fly rElec rC+ Int+3}
  7247 | D        | Got the ring "Yziruf" {rPois rF+ rC+ Str+6 Dex+4}
  7252 | D        | Got the ring of Megalomania {Will+ rCorr}
  7255 | D        | Got the ring "Zughiny" {Ice Str+3}
  7258 | D        | Got the ring "Mopnezoi" {Will+ Dex+2 Stlth+}
  7316 | D        | Noticed a Hell Sentinel
  7329 | D        | Killed a Hell Sentinel
  7335 | D        | Reached skill level 27 in Evocations
  7335 | D        | Reached skill level 1 in Dodging
  7415 | D        | Bought a scroll of blinking for 150 gold pieces
  7415 | D        | Bought a scroll of enchant armour for 150 gold pieces
  7415 | D        | Bought a scroll of enchant armour for 150 gold pieces
  7576 | D        | Bought the +18 shield of the Gong {rElec rN+ Will+ EV-5}
                  | for 3600 gold pieces
  7576 | D        | Found the +18 shield of the Gong {rElec rN+ Will+ EV-5}
  7615 | D        | Noticed an Orb Guardian
  7615 | D        | Noticed an Orb Guardian
  7615 | D        | Noticed an Orb Guardian
  7622 | D        | Killed an Orb Guardian
  7622 | D        | Killed an Orb Guardian
  7623 | D        | Reached skill level 5 in Dodging
  7623 | D        | Killed an Orb Guardian
  7626 | D        | Noticed a titan
  7626 | D        | Noticed a golden dragon
  7630 | D        | Noticed a hellephant
  7630 | D        | Noticed a golden dragon
  7630 | D        | Noticed Jory
  7633 | D        | Killed a titan
  7637 | D        | Noticed an Orb Guardian
  7645 | D        | Killed a golden dragon
  7648 | D        | Noticed an Orb Guardian
  7648 | D        | Noticed an Orb Guardian
  7650 | D        | Killed Jory
  7651 | D        | Killed a golden dragon
  7661 | D        | Reached skill level 10 in Dodging
  7662 | D        | Killed an Orb Guardian
  7663 | D        | Killed an Orb Guardian
  7667 | D        | Killed a hellephant
  7675 | D        | Killed an Orb Guardian
  7676 | D        | Reached XP level 18. HP: 114/145 MP: 18/18
  7692 | D        | Noticed an Orb Guardian
  7704 | D        | Killed an Orb Guardian
  7770 | D        | Noticed a Tzitzimitl
  7775 | D        | Killed a Tzitzimitl
  7810 | D        | Noticed an Orb Guardian
  7817 | D        | Killed an Orb Guardian
  7818 | D        | Noticed Plog the pandemonium lord
  7819 | D        | Noticed an Orb Guardian
  7821 | D        | Noticed an Orb Guardian
  7824 | D        | Noticed a royal mummy
  7824 | D        | Noticed a Killer Klown
  7824 | D        | Noticed an Orb Guardian
  7829 | D        | Killed an Orb Guardian
  7829 | D        | Noticed Unay the pandemonium lord
  7831 | D        | Killed an Orb Guardian
  7835 | D        | Killed a Killer Klown
  7835 | D        | Noticed Khufu
  7838 | D        | Killed Plog the pandemonium lord
  7838 | D        | Noticed a Brimstone Fiend
  7838 | D        | Killed Khufu
  7839 | D        | Killed a Brimstone Fiend
  7839 | D        | Noticed an ancient lich
  7840 | D        | Found the +6 sword of Cerebov {flame}
  7840 | D        | Noticed Cerebov
  7842 | D        | Noticed a bone dragon
  7849 | D        | Killed Unay the pandemonium lord
  7850 | D        | Noticed a titan
  7852 | D        | Noticed a Brimstone Fiend
  7852 | D        | Noticed an Orb Guardian
  7854 | D        | Killed a titan
  7855 | D        | Killed an Orb Guardian
  7857 | D        | Killed a royal mummy
  7857 | D        | Noticed the 27-headed Lernaean hydra
  7858 | D        | Reached skill level 15 in Dodging
  7859 | D        | Killed a Brimstone Fiend
  7861 | D        | Killed the 26-headed Lernaean hydra
  7863 | D        | Noticed a hellephant
  7866 | D        | Noticed the Serpent of Hell
  7869 | D        | Killed a bone dragon
  7876 | D        | Noticed a Brimstone Fiend
  7876 | D        | Noticed Lom Lobon
  7879 | D        | Killed Cerebov
  7882 | D        | Killed a hellephant
  7883 | D        | Noticed a Killer Klown
  7885 | D        | Noticed a pearl dragon
  7888 | D        | Killed a Killer Klown
  7889 | D        | Killed a pearl dragon
  7893 | D        | Reached skill level 1 in Spellcasting
  7893 | D        | Noticed Louise
  7894 | D        | Noticed a Brimstone Fiend
  7897 | D        | Killed an Orb Guardian
  7897 | D        | Noticed an Orb Guardian
  7898 | D        | Noticed a titan
  7899 | D        | Killed Lom Lobon
  7911 | D        | Noticed an Orb Guardian
  7911 | D        | Noticed an Orb Guardian
  7912 | D        | Noticed an Orb Guardian
  7912 | D        | Noticed an Orb Guardian
  7916 | D        | Noticed an Orb Guardian
  7918 | D        | Killed an Orb Guardian
  7919 | D        | Noticed an Orb Guardian
  7920 | D        | Killed an Orb Guardian
  7922 | D        | Noticed a Hell Sentinel
  7922 | D        | Noticed an Orb Guardian
  7925 | D        | Killed an Orb Guardian
  7927 | D        | Noticed a profane servitor
  7934 | D        | Killed an Orb Guardian
  7957 | D        | Noticed an Orb Guardian
  7958 | D        | Noticed an Orb Guardian
  7959 | D        | Noticed an Orb Guardian
  7959 | D        | Noticed an Orb Guardian
  7960 | D        | Noticed an Orb Guardian
  7998 | D        | Got the Orb of Zot
  8081 | D        | Escaped with the Orb!

Illustrated notes

Levels and vault maps discovered:
D:        pitsprint [storerooms_1, entrance_room_1, metal_vault_5, armoury_2,
          mini_pit_1, grid_room_1, main_hall_1, silver_pit, the_coven_3,
          the_vestibule_1, steel_vault_2, golden_pit, hallway_of_sentries,
          crystal_vault_1, iron_vault_4, final_vault]

Skill      XL: |  1  2  3  4  5  6  7  8  9 10 11 12 13 14 15 16 17 18 |
---------------+-------------------------------------------------------+-----
Axes           | 4 7 9 11 13 14 15 16 17 18 21 25 | 25.3
Fighting       | 5 8 11 13 17 20 23 24 27 | 27.0
Armour         | 5 8 11 13 17 20 23 24 27 | 27.0
Shields        | 11 21 25 | 25.0
Evocations     | 10 23 27 | 27.0
Dodging        | 11 17 | 17.8
Spellcasting   | 1 |  1.3
Throwing       | 4 |  4.9

Action                   |  1- 3 |  4- 6 |  7- 9 | 10-12 | 13-15 | 16-18 || total
-------------------------+-------+-------+-------+-------+-------+-------++-------
Melee: Hand axe          |    25 |    71 |    11 |       |       |       ||   107
       War axe           |     5 |       |       |       |       |       ||     5
       Broad axe         |       |       |    58 |   323 |   374 |   305 ||  1060
Throw: Dart              |       |       |       |     3 |     5 |       ||     8
       Javelin           |       |       |       |       |     1 |     3 ||     4
Invok: Call Merchant     |       |       |     1 |     4 |     1 |     3 ||     9
       Bribe Branch      |       |       |       |       |     1 |     3 ||     4
       Potion Petition   |       |       |       |       |     1 |     8 ||     9
Evoke: Wand              |       |       |       |     1 |     1 |    11 ||    13
       Tin of tremorston |       |       |       |       |     5 |    12 ||    17
       Box of beasts     |       |       |       |       |       |     6 ||     6
       Phantom mirror    |       |       |       |       |       |     4 ||     4
       Condenser vane    |       |       |       |       |       |     1 ||     1
  Use: Potion            |     1 |     1 |     3 |     4 |     7 |     9 ||    25
       Scroll            |       |       |       |     3 |     9 |     1 ||    13
 Stab: Distracted        |       |     1 |       |       |     6 |     9 ||    16
       Invisible         |       |       |       |     8 |       |     2 ||    10
Armor: Scale mail        |    20 |       |       |       |       |       ||    20
       Chain mail        |       |    35 |     3 |       |       |       ||    38
       Plate armour      |       |       |    43 |   179 |     6 |       ||   228
       Gold dragon scale |       |       |       |       |   277 |   233 ||   510
Dodge: Dodged            |    14 |    23 |    20 |    67 |    61 |    43 ||   228
Block: Buckler           |    13 |     7 |    12 |    40 |    29 |       ||   101
       Tower shield      |       |       |       |       |   173 |   192 ||   365
       Kite shield       |       |       |       |       |       |    70 ||    70

Table legend: (Time is in decaauts)
 A = Elapsed time spent in this place.
 B = Non-inter-level travel time spent in this place.
 C = Inter-level travel time spent in this place.
 D = Time resting spent in this place.
 E = Time spent auto-exploring this place.
 F = Levels seen in this place.
 G = Mean time per level.
                   A        B        C        D        E       F      G
               +--------+--------+--------+--------+--------+-----+--------+
         Total |   7789 |   7191 |    598 |   2868 |      0 |   1 | 7789.0 |
       Dungeon |   7789 |   7191 |    598 |   2868 |      0 |   1 | 7789.0 |
               +--------+--------+--------+--------+--------+-----+--------+

Top non-repeatable levels by time:
       D: 7789 daAuts
